 Dungeon Crawl Stone Soup version 0.18.1-50-g88ac8fd (webtiles) character file.

2711 kurovuster the Ducker (level 9, -4/88 HPs)
             Began as a Troll Warper on Oct 28, 2016.
             Was a Believer of Makhleb.
             Slain by Grum
             ... wielding a -1 glaive
              (9 damage)
             ... on level 1 of the Lair of Beasts.
             The game lasted 00:53:41 (4852 turns).

kurovuster the Ducker (Troll Warper)                Turns: 4852, Time: 00:53:42

Health: -4/88      AC:  6    Str: 24    XL:     9   Next: 39%
Magic:  10/11      EV: 12    Int: 12    God:    Makhleb [**....]
Gold:   313        SH:  0    Dex:  9    Spells: 2 memorised, 9 levels left

rFire  + . .     SeeInvis .       - Unarmed
rCold  . . .     Gourm    +     a - +0 robe
rNeg   . . .     Faith    .     (no shield)
rPois  .         Spirit   .     (helmet restricted)
rElec  .         Dismiss  +     m - +0 cloak
rCorr  .         Reflect  .     (gloves unavailable)
SustAt .         Harm     .     (boots unavailable)
MR     .....                    r - amulet of dismissal
Stlth  +.........               q - +3 ring of intelligence
                                k - ring of protection from fire

@: not resistant to hostile enchantments, very unstealthy
A: unfitting armour, claws 3, fast metabolism 3, gourmand, regeneration 2,
shaggy fur 1, tough skin 2
a: Minor Destruction, Renounce Religion


You were on level 1 of the Lair of Beasts.
You worshipped Makhleb.
Makhleb was pleased with you.
You were not hungry.

You visited 3 branches of the dungeon, and saw 12 of its levels.

You collected 313 gold pieces.

Inventory:

Missiles
 c - 8 poisoned needles
 d - a tomahawk of dispersal
 e - a tomahawk of returning
 g - 84 stones (quivered)
Armour
 a - a +0 robe (worn)
 m - a +0 cloak (worn)
 x - an ice dragon hide
Jewellery
 k - a ring of protection from fire (left claw)
 q - a +3 ring of intelligence (right claw)
 r - an amulet of dismissal (around neck)
Wands
 s - a wand of iceblast (10/15)
Scrolls
 h - 2 scrolls of remove curse
 o - a scroll of enchant armour {unknown}
 y - a scroll of immolation {unknown}
 A - a scroll of amnesia {unknown}
Potions
 i - a potion of might {unknown}
 j - 2 potions of cure mutation
 l - a potion of cancellation {unknown}
 p - 3 potions of agility {unknown}
 t - a potion of flight {unknown}
 u - 2 potions of heal wounds {unknown}
 z - 2 potions of mutation {unknown}
Books
 b - a book of Spatial Translocations

   Spells                             Type                      Level
   a - Apportation                    Translocation                1
   b - Blink                          Translocation                2
   c - Shroud of Golubria             Charms/Translocation         2
   d - Portal Projectile              Translocation                3
   e - Teleport Other                 Translocation                3
   f - Passage of Golubria            Translocation                4
 n - a book of Annihilations

   Spells                             Type                      Level
   a - Poison Arrow                   Conjuration/Poison           6
   b - Chain Lightning                Conjuration/Air              8
   c - Lehudib's Crystal Spear        Conjuration/Earth            8
   d - Glaciate                       Conjuration/Ice              9
   e - Fire Storm                     Conjuration/Fire             9
Comestibles
 f - 2 bread rations
 B - a meat ration


   Skills:
 + Level 5.1 Fighting
 + Level 1.4 Throwing
 + Level 0.8 Armour
 + Level 7.1 Dodging
 + Level 1.2 Stealth
 + Level 6.7 Unarmed Combat
 + Level 2.0 Spellcasting
 + Level 2.7 Translocations


You had 9 spell levels left.
You knew the following spells:

 Your Spells              Type           Power        Failure   Level  Hunger
a - Apportation           Tloc           #.........   12%         1    ##.....
b - Blink                 Tloc           N/A          14%         2    ###....


Dungeon Overview and Level Annotations

Branches:
Dungeon (9/15)             Temple (1/1) D:5            Lair (2/8) D:9
    Orc: D:9-12

Altars:
Cheibriados
Dithmenos
Elyvilon
Fedhas
Gozag
Kikubaaqudgha
Makhleb
Nemelex Xobeh
Pakellas
Qazlal
Sif Muna
Trog
Vehumet
Yredelemnul
Zin
The Shining One

Annotations:
D:5 Daydreamer's ghost, novice DrCj
Lair:1 Grum


Innate Abilities, Weirdness & Mutations

You are too large for most types of armour.
You have claws for hands.
Your metabolism is lightning-fast.
You like to eat raw meat.
You heal very quickly.
You are covered in fur (AC +1).
You have very tough skin (AC +2).


Message History

You mangle the wolf!!
The wolf is severely wounded.
The wolf misses you. x2
You barely miss the wolf.
The wolf is severely wounded.
The wolf barely misses you.
You barely miss the wolf.
The wolf is severely wounded.
The wolf bites you.
* * * LOW HITPOINT WARNING * * *
The wolf misses you.
You scratch the wolf but do no damage.
The wolf is severely wounded.
The wolf bites you but does no damage.
You barely miss the wolf.
The wolf is severely wounded.
The wolf bites you!
* * * LOW HITPOINT WARNING * * *
Grum hits you from afar with a glaive!
You die...

####.#.#.#######.P...#.#.##...
. # ###...# ####...#g###.....
# #..## #.#......## ###... #
#.## ######>.......# ##.# #
#.# #...†........## h# # #.#
##..#........# #
##.#####.###......## #
#.....[..#P###g..###.# #
##...##.....@h....).... ##
#..P####.######.####.## P##
##.## ### #... ..# #.# #.....
#.# #.# .##..... #.# #)# #
##... #.# .. ... . # .. .


You could see Grum and a wolf.

Vanquished Creatures
  4 yaks (Lair:1)
  A hippogriff (D:8)
  2 hungry ghosts
  A water moccasin (Lair:1)
  2 hell hounds (D:9)
  A wolf (Lair:1)
  An ogre (D:8)
  2 crocodiles (Lair:1)
  4 giant frogs
  A water moccasin zombie (D:7)
  2 scorpions
  4 howler monkeys (D:8)
  A crimson imp (D:5)
  3 hounds
  An orc priest (D:3)
  2 iguanas
  Ijyb (D:2)
  A worker ant (D:8)
  A hound skeleton (D:5)
  A worker ant zombie (D:8)
  5 gnolls
  6 adders
  10 river rats (Lair:1)
  A shadow imp (D:7)
  2 oozes
  An adder skeleton (D:7)
  4 dart slugs
  7 giant geckos
  9 orcs
  5 bats
  6 giant cockroaches
  9 hobgoblins
  3 jackals (D:6)
  4 kobolds
  A quokka (D:5)
  3 giant newts
  13 goblins
  3 rats
128 creatures vanquished.

Notes
Turn   | Place    | Note
--------------------------------------------------------------
     0 | D:1      | kurovuster the Troll Warper began the quest for the Orb.
     0 | D:1      | Reached XP level 1. HP: 19/19 MP: 1/1
    76 | D:1      | Reached skill level 2 in Dodging
   136 | D:1      | Reached XP level 2. HP: 27/27 MP: 2/2
   352 | D:1      | Found a sparkling altar of Nemelex Xobeh.
   595 | D:1      | Learned a level 2 spell: Blink
   795 | D:2      | Reached XP level 3. HP: 30/35 MP: 4/4
   801 | D:2      | Found an opulent altar of Gozag.
  1113 | D:2      | Found a glowing golden altar of the Shining One.
  1224 | D:2      | Reached XP level 4. HP: 42/42 MP: 5/5
  1316 | D:2      | Reached skill level 1 in Throwing
  1325 | D:2      | Noticed Ijyb
  1334 | D:2      | Killed Ijyb
  1535 | D:3      | Found a glowing golden altar of the Shining One.
  1568 | D:3      | Reached XP level 5. HP: 23/49 MP: 6/6
  1585 | D:3      | Reached skill level 3 in Dodging
  1777 | D:4      | Found a radiant altar of Vehumet.
  2027 | D:4      | Found a burning altar of Makhleb.
  2034 | D:4      | Became a worshipper of Makhleb the Destroyer
  2184 | D:5      | Entered Level 5 of the Dungeon
  2319 | D:5      | Found a sparkling altar of Nemelex Xobeh.
  2319 | D:5      | Found a deep blue altar of Sif Muna.
  2339 | D:5      | Reached XP level 6. HP: 58/59 MP: 7/7
  2353 | D:5      | Found a staircase to the Ecumenical Temple.
  2373 | Temple   | Entered the Ecumenical Temple
  2876 | D:5      | Noticed Daydreamer's ghost (novice DrCj)
  2961 | D:6      | Found a snail-covered altar of Cheibriados.
  2969 | D:6      | Noticed an orc warrior
  3119 | D:7      | Noticed a hungry ghost
  3260 | D:7      | Reached skill level 4 in Dodging
  3260 | D:7      | Reached XP level 7. HP: 29/67 MP: 8/8
  3357 | D:7      | Reached * piety under Makhleb
  3357 | D:7      | Reached skill level 1 in Stealth
  3407 | D:7      | Found a glowing silver altar of Zin.
  3487 | D:7      | Noticed a hippogriff
  3527 | D:7      | Killed a hungry ghost
  3673 | D:8      | Noticed a hungry ghost
  3690 | D:8      | Killed a hungry ghost
  3690 | D:8      | Reached skill level 5 in Dodging
  3772 | D:8      | Found a white marble altar of Elyvilon.
  3877 | D:8      | Reached XP level 8. HP: 59/78 MP: 9/9
  4091 | D:8      | Reached skill level 5 in Unarmed Combat
  4248 | D:9      | Found a staircase to the Lair.
  4314 | D:9      | Reached skill level 6 in Dodging
  4330 | Lair:1   | Entered Level 1 of the Lair of Beasts
  4431 | Lair:1   | Reached ** piety under Makhleb
  4535 | Lair:1   | Reached XP level 9. HP: 70/85 MP: 10/10
  4737 | Lair:1   | Reached skill level 5 in Fighting
  4737 | Lair:1   | Reached skill level 7 in Dodging
  4813 | Lair:1   | Noticed Grum
  4852 | Lair:1   | Slain by Grum

Skill      XL: |  1  2  3  4  5  6  7  8  9 |
---------------+----------------------------+-----
Dodging        | 2 3 4 5 6 7 |  7.1
Throwing       | 1 |  1.4
Fighting       | 2 3 4 5 |  5.1
Unarmed Combat | 3 4 6 |  6.7
Stealth        | 1 |  1.2
Spellcasting   | 2 |  2.0
Armour         | |  0.8
Translocations | |  2.7

Action                   |  1- 3 |  4- 6 |  7- 9 || total
-------------------------+-------+-------+-------++-------
Melee: Unarmed           |    80 |   171 |   232 ||   483
       Punch             |       |     2 |     4 ||     6
Throw: Tomahawk          |     2 |     2 |       ||     4
       Stone             |     3 |     3 |     9 ||    15
 Cast: Blink             |       |     4 |     2 ||     6
Invok: Minor Destruction |       |       |     1 ||     1
  Use: Scroll            |       |    10 |     1 ||    11
       Potion            |       |     1 |     1 ||     2
 Stab: Sleeping          |       |     1 |       ||     1
  Eat: Chunk             |     9 |     2 |     2 ||    13
       Beef jerky        |       |     2 |       ||     2
       Bread ration      |       |     2 |     2 ||     4
       Fruit             |       |     1 |     1 ||     2
       Meat ration       |       |     1 |     2 ||     3
       Pizza             |       |     1 |     1 ||     2
Armor: Robe              |    22 |    60 |    42 ||   124
       Ice dragon hide   |       |     8 |       ||     8
Dodge: Dodged            |    25 |   112 |   125 ||   262
